 Dungeon Crawl Stone Soup version 0.28-a0-973-ga7f8b01127 (webtiles) character file.

Game seed: 2097735724957235024

693 croobank the Ducker (level 7, -1/60 HPs)
             Began as a Gnoll Monk on Dec 1, 2021.
             Was a Believer of Uskayaw.
             Slain by an ogre (21 damage)
             ... on level 5 of the Dungeon.
             The game lasted 00:25:31 (5067 turns).

croobank the Ducker (Gnoll Monk)                    Turns: 5067, Time: 00:25:32

Health: -1/60      AC:  6    Str: 12    XL:     7   Next: 64%
Magic:  10/10      EV: 13    Int:  9    God:    Uskayaw [**....]
Gold:   158        SH:  0    Dex: 15    Spells: 11/11 levels left

rFire   . . .      SeeInvis .   a - +0 hand axe
rCold   . . .      Faith    +   (no shield)
rNeg    . . .      Spirit   .   e - +0 ring mail
rPois   +          Reflect  .   (no helmet)
rElec   .          Harm     .   (no cloak)
rCorr   .          Rampage  .   m - +0 pair of gloves
Will    +....                   (no boots)
Stlth   ++........              c - amulet of faith
HPRegen 0.20/turn               (no ring)
MPRegen 0.12/turn               (no ring)

@: no status effects
A: fangs 1, strong nose, distributed training, strong-willed 1, poison
resistance
a: Renounce Religion, Stomp, Line Pass


You were on level 5 of the Dungeon.
You worshipped Uskayaw.
Uskayaw was noncommittal.
You visited 1 branch of the dungeon, and saw 5 of its levels.

You collected 158 gold pieces.

Inventory:

Hand Weapons
 a - a +0 hand axe (weapon)
 d - a +0 dagger
 f - a +0 short sword
 h - a +2 glaive of venom
 o - a +1 antimagic dagger
 r - a +2 flail of distortion
 x - a +1 short sword of draining
Missiles
 b - 9 boomerangs (quivered)
 g - 124 stones
 w - 13 bolts
Armour
 e - a +0 ring mail (worn)
 m - a +0 pair of gloves (worn)
 p - a +0 leather armour
Jewellery
 c - an amulet of faith (around neck)
 k - an amulet of guardian spirit
Scrolls
 l - a scroll of enchant armour {unknown}
 n - a scroll of immolation {unknown}
 q - a scroll of torment {unknown}
 t - 2 scrolls of magic mapping {unknown}
 u - 2 scrolls of amnesia {unknown}
 y - a scroll of noise {unknown}
 A - a scroll of fog {unknown}
Potions
 s - a potion of attraction


   Skills:
 + Level 7.1 Fighting
 + Level 2.6 Short Blades
 + Level 2.6 Long Blades
 + Level 7.1 Axes
 + Level 2.6 Maces & Flails
 + Level 2.6 Polearms
 + Level 2.6 Staves
 + Level 2.6 Slings
 + Level 2.6 Bows
 + Level 2.6 Crossbows
 + Level 2.6 Throwing
 + Level 2.6 Armour
 + Level 7.1 Dodging
 + Level 5.0 Stealth
 + Level 2.6 Shields
 + Level 2.6 Unarmed Combat
 + Level 2.6 Spellcasting
 + Level 2.1 Conjurations
 + Level 2.1 Hexes
 + Level 2.1 Summonings
 + Level 2.1 Necromancy
 + Level 2.1 Translocations
 + Level 2.1 Transmutations
 + Level 2.1 Fire Magic
 + Level 2.1 Ice Magic
 + Level 2.1 Air Magic
 + Level 2.1 Earth Magic
 + Level 2.1 Poison Magic
 + Level 2.9 Invocations
 + Level 2.6 Evocations


You had 11 spell levels left.
You didn't know any spells.
Your spell library was empty.

Dungeon Overview and Level Annotations

Branches:
Dungeon (5/15)
 Temple: D:4-7

Altars:
Uskayaw

Shops:
D:4 =

Annotations:
D:2 1 runed translucent door, Crazy Yiuf


Innate Abilities, Weirdness & Mutations

You have very sharp teeth.
Your uncanny sense of smell can sniff out nearby items.
Your experience applies equally to all skills.
You are strong-willed. (Will+)
Your system is resistant to poisons. (rPois)


Message History

You open the door.
An ogre comes into view. It is wielding a +0 giant spiked club.
The ogre shouts!
There is an open door here.
You hit the ogre.
The ogre is lightly wounded.
The ogre hits you with a +0 giant spiked club!
You hit the ogre but do no damage. You bite the ogre, but do no damage.
The ogre is lightly wounded.
The ogre hits you with a +0 giant spiked club!
You hit the ogre but do no damage.
The ogre is lightly wounded.
The ogre hits you with a +0 giant spiked club!
You completely miss the ogre. You bite the ogre, but do no damage.
The ogre is lightly wounded.
You hit the ogre.
The ogre is moderately wounded.
The ogre hits you with a +0 giant spiked club!
You don't know any spells.
Okay, then.
Okay, then.
You hit the ogre.
The ogre is moderately wounded.
The ogre closely misses you.
You slash the ogre!
The ogre is heavily wounded.
The ogre barely misses you.
You can now pass through a line of other dancers.
You hit the ogre but do no damage. You bite the ogre, but do no damage.
The ogre is heavily wounded.
You barely miss the ogre.
The ogre is heavily wounded.
The ogre misses you.
You closely miss the ogre.
The ogre is heavily wounded.
The ogre closely misses you.
You hit the ogre.
The ogre is severely wounded.
The ogre hits you with a +0 giant spiked club!!
You die...

......####...
#####........ ..####.
....#.....##### .......
....'.....#...# .......
....#.....+...# .......
#####.....###.# .......
........#####.###.....#
........'..'....#.....#
........#..#....@O....#
........#.###.###.....#
########### ### ##.....
.... ... .. .


You could see an ogre.

Vanquished Creatures
  A water moccasin (D:5)
  An ogre (D:5)
  A phantom (D:3)
  A howler monkey (D:4)
  An orc priest (D:5)
  2 gnoll shamans (D:4)
  An orc wizard (D:3)
  7 gnolls (D:4)
  7 adders
  An adder skeleton (D:2)
  7 orcs
  17 bats
  A bat skeleton (D:4)
  5 endoplasms
  2 giant cockroaches
  4 goblins
  10 hobgoblins
  2 jackals (D:2)
  5 kobolds
  6 quokkas
  7 ball pythons
  2 frilled lizards (D:1)
  7 rats
98 creatures vanquished.

Vanquished Creatures (others)
  4 plants (D:5)
4 creatures vanquished.

Grand Total: 102 creatures vanquished

Notes
Turn   | Place    | Note
-------+----------+-------------------------------------------
     0 | D:1      | croobank the Gnoll Monk began the quest for the Orb.
     0 | D:1      | Reached XP level 1. HP: 23/23 MP: 1/1
   307 | D:1      | Found a faded altar of an unknown god.
   309 | D:1      | Prayed at the altar of an unknown god.
   309 | D:1      | Became a worshipper of Uskayaw the Reveller
   309 | D:1      | Reached * piety under Uskayaw
   309 | D:1      | Reached ** piety under Uskayaw
   327 | D:1      | Reached XP level 2. HP: 29/29 MP: 2/2
   652 | D:1      | Reached *** piety under Uskayaw
   884 | D:1      | Reached XP level 3. HP: 31/35 MP: 3/3
  1751 | D:2      | Reached skill level 1 in Invocations
  1834 | D:2      | Found a runed translucent door.
  1835 | D:2      | Noticed Crazy Yiuf
  2199 | D:3      | Reached skill level 1 in Short Blades
  2199 | D:3      | Reached skill level 1 in Long Blades
  2199 | D:3      | Reached skill level 1 in Maces & Flails
  2199 | D:3      | Reached skill level 1 in Polearms
  2199 | D:3      | Reached skill level 1 in Staves
  2199 | D:3      | Reached skill level 1 in Slings
  2199 | D:3      | Reached skill level 1 in Bows
  2199 | D:3      | Reached skill level 1 in Crossbows
  2199 | D:3      | Reached skill level 1 in Throwing
  2199 | D:3      | Reached skill level 1 in Armour
  2199 | D:3      | Reached skill level 1 in Shields
  2199 | D:3      | Reached skill level 1 in Unarmed Combat
  2199 | D:3      | Reached skill level 1 in Spellcasting
  2199 | D:3      | Reached skill level 1 in Evocations
  2288 | D:3      | Reached XP level 4. HP: 26/41 MP: 5/5
  2836 | D:3      | Reached skill level 1 in Conjurations
  2836 | D:3      | Reached skill level 1 in Hexes
  2836 | D:3      | Reached skill level 1 in Summonings
  2836 | D:3      | Reached skill level 1 in Necromancy
  2836 | D:3      | Reached skill level 1 in Translocations
  2836 | D:3      | Reached skill level 1 in Transmutations
  2836 | D:3      | Reached skill level 1 in Fire Magic
  2836 | D:3      | Reached skill level 1 in Ice Magic
  2836 | D:3      | Reached skill level 1 in Air Magic
  2836 | D:3      | Reached skill level 1 in Earth Magic
  2836 | D:3      | Reached skill level 1 in Poison Magic
  3120 | D:3      | Noticed a phantom
  3155 | D:3      | Reached **** piety under Uskayaw
  3156 | D:3      | Killed a phantom
  3157 | D:3      | Reached XP level 5. HP: 9/47 MP: 5/7
  3161 | D:3      | HP: 2/47 [poisoned by an adder]
  3163 | D:3      | Gained mutation: You are strong-willed. (Will+) [potion of
                  | mutation]
  3163 | D:3      | Gained mutation: Your system is resistant to poisons.
                  | (rPois) [potion of mutation]
  3458 | D:3      | Reached XP level 6. HP: 40/53 MP: 8/8
  3579 | D:4      | Reached ***** piety under Uskayaw
  3834 | D:4      | Reached ****** piety under Uskayaw
  4130 | D:4      | Reached XP level 7. HP: 59/59 MP: 10/10
  4163 | D:4      | Found Desh's Jewellery Shop.
  4202 | D:5      | Entered Level 5 of the Dungeon
  4794 | D:5      | Reached skill level 5 in Stealth
  5067 | D:5      | Slain by an ogre

Illustrated notes

Levels and vault maps discovered:
D:1:      enne_arrival_octagon_isle, layout_loops_corners,
          chequers_ecumenical_altar_twisty, serial_park_tiny_2, nrook_uturn
D:2:      layout_basic, uniq_crazy_yiuf_cottage
D:3:      layout_basic
D:4:      layout_basic, serial_shops, shop, goddamned_bats
D:5:      layout_gridville, minmay_temple_entry_gardened_gates, uniq_pikel

Skill      XL: |  1  2  3  4  5  6  7 |
---------------+----------------------+-----
Invocations    | 1 2 |  2.9
Short Blades   | 1 2 |  2.6
Long Blades    | 1 2 |  2.6
Maces & Flails | 1 2 |  2.6
Polearms       | 1 2 |  2.6
Staves         | 1 2 |  2.6
Slings         | 1 2 |  2.6
Bows           | 1 2 |  2.6
Crossbows      | 1 2 |  2.6
Throwing       | 1 2 |  2.6
Armour         | 1 2 |  2.6
Shields        | 1 2 |  2.6
Unarmed Combat | 1 2 |  2.6
Spellcasting   | 1 2 |  2.6
Evocations     | 1 2 |  2.6
Conjurations   | 1 2 |  2.1
Hexes          | 1 2 |  2.1
Summonings     | 1 2 |  2.1
Necromancy     | 1 2 |  2.1
Translocations | 1 2 |  2.1
Transmutations | 1 2 |  2.1
Fire Magic     | 1 2 |  2.1
Ice Magic      | 1 2 |  2.1
Air Magic      | 1 2 |  2.1
Earth Magic    | 1 2 |  2.1
Poison Magic   | 1 2 |  2.1
Fighting       | 7 |  7.1
Axes           | 7 |  7.1
Dodging        | 7 |  7.1
Stealth        | 5 |  5.0

Action                   |  1- 3 |  4- 6 |  7- 9 || total
-------------------------+-------+-------+-------++-------
Melee: Hand axe          |   109 |   214 |    42 ||   365
       Bite              |    11 |    20 |     7 ||    38
       Dagger            |    45 |       |       ||    45
       Punch             |       |     3 |       ||     3
Throw: Boomerang         |       |     9 |     2 ||    11
  Use: Scroll            |     2 |     1 |       ||     3
       Potion            |       |     5 |     4 ||     9
 Stab: Sleeping          |     4 |     2 |       ||     6
       Paralysed         |       |    13 |     4 ||    17
Armor: Robe              |    11 |       |       ||    11
       Leather armour    |    22 |    19 |       ||    41
       Ring mail         |       |    42 |     7 ||    49
Dodge: Dodged            |   142 |   174 |    23 ||   339

Table legend: (Time is in decaauts)
 A = Elapsed time spent in this place.
 B = Non-inter-level travel time spent in this place.
 C = Inter-level travel time spent in this place.
 D = Time resting spent in this place.
 E = Time spent auto-exploring this place.
 F = Levels seen in this place.
 G = Mean time per level.
                   A        B        C        D        E       F      G
               +--------+--------+--------+--------+--------+-----+--------+
         Total |   5053 |   4993 |     60 |   1469 |   2403 |   5 | 1010.6 |
       Dungeon |   5053 |   4993 |     60 |   1469 |   2403 |   5 | 1010.6 |
               +--------+--------+--------+--------+--------+-----+--------+

Top non-repeatable levels by time:
     D:1: 1419 daAuts
     D:3: 1342 daAuts
     D:5: 871 daAuts
     D:2: 739 daAuts
     D:4: 680 daAuts
